details: 'turncoat leaves to sight of us'

« prev index next »

General information

Mini Map

Players

team 1
NightElfchaosgruntult (yellow | 28 APM | 15 actions | 00:32)

» actions
Build / train3
Enter build submenu2
Right click3
Select / deselect5
Use ability2
15 total
» units
Wisp3
3 total
» buildings
Altar of Elders1
Moon Well1
2 total
» build order
00:07 Altar of Elders
00:10 Moon Well
Undeadchaosknight80 (pink | 50 APM | 27 actions | 00:32)

» actions
Build / train2
Enter build submenu3
Right click10
Select / deselect10
Use ability2
27 total
» units
Acolyte2
2 total
» buildings
Ziggurat1
Crypt1
2 total
» build order
00:08 Ziggurat
00:10 Crypt
HumanKNIGHTS-OF-HARM (blue | 55 APM | 27 actions | 00:29)

» actions
Build / train3
Enter build submenu2
Right click14
Select / deselect6
Use ability2
27 total
» units
Peasant3
3 total
» buildings
Altar of Kings1
Barracks1
2 total
» build order
00:11 Altar of Kings
00:22 Barracks
OrcC.e.L.L.o. (teal | 23 APM | 9 actions | 00:23)

» actions
Build / train5
Right click2
Select / deselect2
9 total
» units
Peon5
5 total
team 2
Random» HumanDantoncul (purple | 37 APM | 20 actions | 00:32)

» actions
Build / train3
Enter build submenu2
Right click6
Select / deselect7
Use ability2
20 total
» units
Peasant3
3 total
» buildings
Barracks1
Farm1
2 total
» build order
00:10 Barracks
00:16 Farm
Random» UndeadOrcrinds (green | 15 APM | 8 actions | 00:32)

» actions
Basic commands1
Build / train2
Select / deselect3
Use ability2
8 total
» units
Acolyte2
2 total
HumanjarU (red | 86 APM | 47 actions | 00:32)

» actions
Assign group hotkey28
Build / train4
Right click3
Select / deselect2
Select group hotkey10
47 total
» units
Peasant4
4 total
UndeadJuliette (orange | 35 APM | 19 actions | 00:32)

» actions
Build / train2
Enter build submenu2
Right click6
Select / deselect7
Use ability2
19 total
» units
Acolyte2
2 total
» buildings
Ziggurat1
Crypt1
2 total
» build order
00:17 Ziggurat
00:29 Crypt

Chat log

(00:09 / All) jarU: Just leave
(00:20 / All) jarU: You ain't winning you just got beat by a militia tp lol
(00:25 / All) jarU: LOL
(00:26 / All) jarU: LOL
(00:27 / All) jarU: LOL